 Dungeon Crawl Stone Soup version 0.23.0 (webtiles) character file.

Game seed: 8912994909190482780

31 xccam the Ruffian (level 3, -1/28 HPs)
             Began as a Draconian Transmuter on Feb 18, 2019.
             Killed by nerve-wracking pain
             ... invoked by a shadow imp
              (5 damage)
             ... on level 2 of the Dungeon.
             The game lasted 00:03:10 (1306 turns).

xccam the Ruffian (Draconian Transmuter)            Turns: 1306, Time: 00:03:11

Health: -1/28      AC:  5    Str: 11 (12) XL:     3   Next: 7%
Magic:  6/6        EV: 12    Int: 11 (14) God:
Gold:   32         SH:  0    Dex: 10 (11) Spells: 3/6 levels left

rFire    . . .     SeeInvis .     - Unarmed
rCold    . . .     Gourm    .   (no shield)
rNeg     + . .     Faith    .   (armour unavailable)
rPois    .         Spirit   .   (helmet restricted)
rElec    .         Reflect  .   (no cloak)
rCorr    .         Harm     .   (no gloves)
MR       .....                  (no boots)
Stlth    +.........             (no amulet)
HPRegen  0.09/turn              f - ring of positive energy
MPRegen  0.10/turn              (no ring)

@: appendage
A: unfitting armour, horns 2, cold-blooded, AC +5
a: End Transformation


You were on level 2 of the Dungeon.
You were hungry.
You had grown temporary horns.
You visited 1 branch of the dungeon, and saw 2 of its levels.

You collected 32 gold pieces.

Inventory:

Missiles
 a - 19 arrows
Jewellery
 f - a ring of positive energy (left hand)
Scrolls
 g - 3 scrolls of teleportation {unknown}
 h - 2 scrolls of identify {unknown}
Potions
 d - a potion of brilliance {unknown}
 e - a potion of magic {unknown}
Comestibles
 c - 3 rations


   Skills:
 - Level 1.1 Fighting
 - Level 1.7 Dodging
 + Level 3.9 Unarmed Combat
 - Level 2.0 Spellcasting
 + Level 2.5 Transmutations


You had 3 spell levels left.
You knew the following spells:

 Your Spells              Type           Power        Failure   Level  Hunger
a - Beastly Appendage     Tmut           #.....       11%         1    ##.....
b - Sticks to Snakes      Tmut           #.......     16%         2    ###....

Your spell library contained the following spells:

 Spells                   Type           Power        Failure   Level  Hunger
 Spider Form              Tmut/Pois      #.........   45%         3    ####...
 Ice Form                 Ice/Tmut       #.......     86%         4    #####..
 Blade Hands              Tmut           #.........   96%         5    ######.


Dungeon Overview and Level Annotations

Branches:
Dungeon (2/15)

Altars:


Innate Abilities, Weirdness & Mutations

Your plain brown scales are hard. (AC +5)
You cannot fit into any form of body armour.
You are cold-blooded and may be slowed by cold attacks.
You have a pair of horns on your head.


Message History

The shadow imp barely misses you.
You closely miss the shadow imp.
The shadow imp is moderately wounded.
The shadow imp barely misses you.
You barely miss the shadow imp.
The shadow imp is moderately wounded.
The shadow imp closely misses you.
You closely miss the shadow imp.
The shadow imp is moderately wounded.
The shadow imp gestures at you. Pain shoots through your body!
* * * LOW HITPOINT WARNING * * *
Okay, then.
Unknown command.
It was a potion of degeneration.
There was something very wrong with that liquid.
You feel weakened.
You feel dopey.
You feel clumsy. The shadow imp gestures at you. Pain shoots through your body!
You die...

#....†..##.....##.#
#.......+..........
##......##.....##..
########......##.....####
.......'......++.....+...
########......##.....####
##......##.#####
#.......### #.@.....#
#%5.......# # #...##....#
+ #...# ....# # #...#
...# #...# ...# #...#
#...#


You could see a shadow imp.

Vanquished Creatures
  An ooze (D:1)
  A leopard gecko (D:2)
  2 bats (D:1)
  2 goblins (D:1)
  2 hobgoblins (D:1)
  2 jackals (D:1)
  A ball python (D:1)
  3 frilled lizards (D:1)
  2 kobolds
  7 rats (D:1)
23 creatures vanquished.

Vanquished Creatures (collateral kills)
  A goblin (D:1)
  3 kobolds (D:1)
  A bat (D:1)
5 creatures vanquished.

Grand Total: 28 creatures vanquished

Notes
Turn   | Place    | Note
-------+----------+-------------------------------------------
     0 | D:1      | xccam the Draconian Transmuter began the quest for the Orb.
     0 | D:1      | Reached XP level 1. HP: 16/16 MP: 3/3
   474 | D:1      | Reached XP level 2. HP: 20/23 MP: 5/5
   478 | D:1      | Learned a level 2 spell: Sticks to Snakes
  1267 | D:2      | Reached XP level 3. HP: 22/28 MP: 6/6
  1306 | D:2      | Killed from afar by a shadow imp

Action                   || total
-------------------------++-------
Melee: Unarmed           ||   107
       Tailslap          ||     4
       Headbutt          ||     2
       Kick              ||     2
 Cast: Beastly Appendage ||     5
       Sticks to Snakes  ||     2
  Use: Potion            ||     1
 Stab: Sleeping          ||     3
  Eat: Chunk             ||     1
Armor: Skin              ||    37
Dodge: Dodged            ||    75
